 Dungeon Crawl Stone Soup version 0.22-a0-373-gab1296c (webtiles) character file.

43 Collin1234 the Skirmisher (level 3, -5/34 HPs)
             Began as a Hill Orc Abyssal Knight on Apr 25, 2018.
             Was a Follower of Lugonu.
             Slain by Crazy Yiuf
             ... wielding a +3 quarterstaff of chaos
              (16 damage)
             ... on level 2 of the Dungeon.
             The game lasted 00:09:21 (1461 turns).

Collin1234 the Skirmisher (Hill Orc Abyssal Knight) Turns: 1461, Time: 00:09:21

Health: -5/34      AC:  0    Str: 14    XL:     3   Next: 58%
Magic:  4/5        EV: 14    Int: 12    God:    Lugonu [*.....]
Gold:   44         SH:  0    Dex: 11    Spells: 2/2 levels left

rFire    . . .     SeeInvis .   (weapon currently unavailable)
rCold    . . .     Gourm    .   (shield currently unavailable)
rNeg     . . .     Faith    .   (armour currently unavailable)
rPois    .         Spirit   .   (helmet currently unavailable)
rElec    .         Reflect  .   (cloak currently unavailable)
rCorr    .         Harm     +   (gloves currently unavailable)
MR       .....                  (boots currently unavailable)
Stlth    +.........             b - amulet of harm
HPRegen  0.11/turn              (ring currently unavailable)
MPRegen  0.09/turn              (ring currently unavailable)

@: pig-form, very quick
A: small
a: Depart the Abyss, Renounce Religion


You were on level 2 of the Dungeon.
You worshipped Lugonu.
Lugonu was aware of your devotion.
You were not hungry.
You were a filthy swine.
You visited 1 branch of the dungeon, and saw 2 of its levels.
You visited the Abyss 1 time.

You collected 44 gold pieces.

Inventory:

Hand Weapons
 a - a +1 falchion (melded)
 j - a +0 hand axe
 u - a +0 flail
Missiles
 d - 53 stones (quivered)
 e - 54 arrows
 o - 25 bolts
 p - 10 sling bullets
 q - 9 poisoned needles
Armour
 h - a +1 chain mail (melded)
 i - a +1 pair of gloves (melded)
Jewellery
 b - an amulet of harm (around neck)
Potions
 f - a potion of might {unknown}
 g - a potion of flight {unknown}
 k - a potion of curing
 l - a potion of agility {unknown}
 r - a potion of invisibility
Comestibles
 c - 2 rations


   Skills:
 + Level 4.3 Fighting
 + Level 3.1 Long Blades
 + Level 2.5 Armour
 + Level 1.0 Dodging
 + Level 2.7 Invocations


You had 2 spell levels left.
You didn't know any spells.

Dungeon Overview and Level Annotations

Branches:
Dungeon (2/15)

Altars:

Annotations:
D:2 Crazy Yiuf


Message History

* * * LOW HITPOINT WARNING * * *
Space bends around you.
* * * LOW HITPOINT WARNING * * *
As you read the scroll labeled WETAPTOLENE, it crumbles to dust.
The scroll dissolves into smoke.
It was a scroll of fog.
As you read the scroll labeled JIUKKI PUFOLEM, it crumbles to dust.
It is a scroll of identify.
r - a potion of invisibility Crazy Yiuf zaps a wand.
You aren't carrying any scrolls.
You feel better. Crazy Yiuf closely misses you.
You closely miss Crazy Yiuf.
Crazy Yiuf is heavily wounded.
Crazy Yiuf grits, "Cake testudinal seventy!"
Crazy Yiuf zaps a wand.
You resist with significant effort.
You hit Crazy Yiuf but do no damage.
Crazy Yiuf is heavily wounded.
Crazy Yiuf hits you with a quarterstaff of chaos.
You are electrocuted!
You die...

######.###.###.........
#...............†......
#..###.#...###......###
#### ####### ###....#
#....### #....... ####
####....... #)§§###
##..#..#..#.
#.§gh§####......#..#.
#.§§##§.#......##..#.
#### ###.#...#....<..
########.##.## #.##.#
#..... #.##.## #.##.#
#.##.#


You could see Crazy Yiuf.

Vanquished Creatures
  An adder (D:2)
  2 dart slugs (D:2)
  A leopard gecko (D:2)
  3 giant cockroaches
  7 goblins
  2 hobgoblins (D:2)
  A jackal (D:2)
  A quokka (D:2)
  2 bats
  2 frilled lizards (D:2)
  4 kobolds
26 creatures vanquished.

Notes
Turn   | Place    | Note
-------+----------+-------------------------------------------
     0 | Abyss:1  | Collin1234 the Hill Orc Abyssal Knight began the quest for the Orb.
     0 | Abyss:1  | Reached XP level 1. HP: 19/19 MP: 2/2
    66 | D:1      | Escaped the Abyss
   717 | D:2      | Reached skill level 1 in Dodging
   717 | D:2      | Reached XP level 2. HP: 27/27 MP: 3/3
   791 | D:2      | Reached skill level 4 in Fighting
   969 | D:2      | Reached XP level 3. HP: 33/33 MP: 5/5
  1390 | D:2      | Reached ** piety under Lugonu
  1433 | D:2      | Found a runed door.
  1437 | D:2      | Noticed Crazy Yiuf
  1461 | D:2      | Slain by Crazy Yiuf

Vault maps used:
D:1:      minmay_arrival_semitransparent
D:2:      minmay_wonky_spiral, amethyst_killhole, uniq_crazy_yiuf_cottage

Skill      XL: |  1  2  3 |
---------------+----------+-----
Dodging        | 1 |  1.0
Fighting       | 4 |  4.3
Long Blades    | 3 |  3.1
Armour         | |  2.5
Invocations    | |  2.7

Action                   || total
-------------------------++-------
Melee: Falchion          ||    84
       Unarmed           ||     6
Throw: Stone             ||    17
  Use: Scroll            ||     4
       Potion            ||     2
  Eat: Ration            ||     1
Armor: Chain mail        ||    66
Dodge: Dodged            ||    37
       Rpst.: Falchion   ||    13

Table legend:
 A = Spawn XP
 B = Non-spawn XP
 C = Spawn XP percentage of total XP
 D = Spawn monster count
 E = Non-spawn monster count
 F = Spawn count percentage of total count
 G = Total turns spent on level
                    A         B        C        D         E        F      G
               +---------+---------+-------+---------+---------+-------+---------
         Total |       0 |      62 |   0.0 |       0 |      26 |   0.0 |  1461
               +---------+---------+-------+---------+---------+-------+---------
           D:1 |       0 |       8 |   0.0 |       0 |       5 |   0.0 |   601
           D:2 |       0 |      54 |   0.0 |       0 |      21 |   0.0 |   794
               +---------+---------+-------+---------+---------+-------+---------
